 Dungeon Crawl Stone Soup version 0.27.0-1-g7a089689b8 (webtiles) character file.

Game seed: 1957388267336412952

91 Thatpatchoflichen the Ducker (level 4, -3/22 HPs)
             Began as a Felid Berserker on Aug 6, 2021.
             Was a Believer of Trog.
             Slain by an orc (7 damage)
             ... on level 3 of the Dungeon.
             The game lasted 00:06:24 (3362 turns).

Thatpatchoflichen the Ducker (Felid Berserker)      Turns: 3362, Time: 00:06:27

Health: -3/22      AC:  1    Str: 14    XL:     4   Next: 33%
Magic:  0/5        EV: 19    Int:  8    God:    Trog [**....]
Gold:   49         SH:  0    Dex: 15    Spells: 3/3 levels left
                                        Lives:  0   Deaths: 1

rFire    . . .     SeeInvis +     - Unarmed
rCold    . . .     Faith    .   (shield unavailable)
rNeg     . . .     Spirit   +   (armour unavailable)
rPois    .         Reflect  .   (helmet unavailable)
rElec    .         Harm     .   (cloak unavailable)
rCorr    .         Rampage  .   (gloves unavailable)
Will     .....                  (boots unavailable)
Stlth    +.........             b - amulet of guardian spirit
HPRegen  0.07/turn              (no ring)
MPRegen  0.09/turn              (no ring)

@: quick
A: very small, claws 1, fangs 3, see invisible, speed 1, shaggy fur 1, stealthy
paws, no weapons or thrown items, no armour, multi-lived
a: Renounce Religion, Berserk, Trog's Hand


You were on level 3 of the Dungeon.
You worshipped Trog.
Trog was pleased with you.
You visited 1 branch of the dungeon, and saw 4 of its levels.

You collected 49 gold pieces.

Inventory:

Jewellery
 b - an amulet of guardian spirit (around neck)
 d - a ring of fire
Scrolls
 c - 4 scrolls of noise {unknown}
 e - a scroll of blinking {unknown}
 h - 2 scrolls of teleportation {unknown}
 j - a scroll of identify {unknown}
 l - a scroll of amnesia {unknown}
Potions
 a - a potion of cancellation {unknown}
 f - a potion of lignification {unknown}
 g - 3 potions of degeneration {unknown}
 i - a potion of curing {unknown}
 k - a potion of brilliance {unknown}


   Skills:
 + Level 4.5 Fighting
 + Level 4.8 Dodging
 - Level 4.0 Unarmed Combat


You had 3 spell levels left.
You didn't know any spells.
Your spell library was empty.

Dungeon Overview and Level Annotations

Branches:
Dungeon (4/15)
 Temple: D:4-7

Altars:

Annotations:
D:3 Natasha


Innate Abilities, Weirdness & Mutations

You have sharp claws.
You have razor-sharp teeth.
You have supernaturally acute eyesight. (SInv)
You cover ground quickly. (Speed+)
You are covered in fur. (AC +1)
Your paws help you pounce on unaware monsters.
You are incapable of wielding weapons or throwing items.
You cannot wear armour.
You gain extra lives every three experience levels.


Message History

You scratch the endoplasm but do no damage.
The endoplasm completely misses you.
You scratch the endoplasm.
The endoplasm is almost dead.
The endoplasm freezes you.
You are frozen.
You scratch the endoplasm.
You kill the endoplasm!
Trog accepts your kill.
You start resting.
Magic restored.
You start resting.
HP restored.
You see here 15 stones.
g - 3 coppery potions (gained 1)
k - a murky brown potion
l - a scroll labelled ZOHUIG OPHIB Natasha, Servant of Life and Death comes into view.
An orc comes into view. It is wielding a +0 mace.
Natasha hisses angrily.
Natasha mumbles some strange words.
Found a cloak.
Natasha claws you!
The orc shouts!
You scratch Natasha.
Natasha is lightly wounded.
The crimson imp hits you but does no damage.
Natasha barely misses you.
You scratch Natasha but do no damage. You bite Natasha.
Natasha is moderately wounded.
The crimson imp misses you. Natasha misses you.
The orc hits you with a +0 mace.
You scratch Natasha. You bite Natasha.
Natasha is heavily wounded.
The crimson imp closely misses you. Natasha casts a spell at you.
The magic dart hits you!
* * * LOW HITPOINT WARNING * * *
The orc hits you with a +0 mace!
You die...

#....... ... #.......
... #######. #.#
########. ####.#####
#.....##. . ........#
#.###.###
#..####...##.###.###....
#.........##.#.....###..
#.....h@.....#.#.#.##...
......o5#..#...#.#.#...#
.................#.#..#.
.................#.#..#.
###..$.........#.#.#..#.
#.###.##.......#.#..#.
... ......#......#..#.
.[ .#################.
........>.#


You could see Natasha, a crimson imp (summoned) and an orc.

Vanquished Creatures
  Natasha (twice) (D:3)
  Robin (D:2)
  3 adders (D:2)
  A dart slug (D:2)
  An orc (D:3)
  3 ball pythons
  5 endoplasms
  4 goblins
  7 hobgoblins
  2 jackals (D:1)
  2 quokkas
  A bat (D:2)
  2 frilled lizards
  7 kobolds
  5 rats
46 creatures vanquished.

Notes
Turn   | Place    | Note
-------+----------+-------------------------------------------
     0 | D:1      | Thatpatchoflichen the Felid Berserker began the quest for
                  | the Orb.
     0 | D:1      | Reached XP level 1. HP: 10/10 MP: 2/2
   396 | D:1      | Found a faded altar of an unknown god.
   670 | D:1      | Reached XP level 2. HP: 14/14 MP: 3/3
  1824 | D:3      | Noticed Natasha
  1827 | D:3      | Killed Natasha
  1828 | D:3      | Reached XP level 3. HP: 18/18 MP: 4/4
  2153 | D:2      | Reached ** piety under Trog
  2448 | D:2      | Reached XP level 4. HP: 22/22 MP: 5/5
  2452 | D:2      | Noticed Robin
  2466 | D:2      | Slain by Robin
  2467 | D:2      | Reached XP level 3. HP: -1/18 MP: 0/4
  2480 | D:2      | Killed Robin
  3000 | D:3      | Noticed Natasha
  3008 | D:3      | Killed Natasha
  3009 | D:3      | Reached XP level 4. HP: 8/22 MP: 1/5
  3355 | D:3      | Noticed Natasha
  3362 | D:3      | Slain by an orc

Illustrated notes

Levels and vault maps discovered:
D:1:      heliophobic_arrival_ceremonial_halls, layout_loops_corners,
          chequers_ecumenical_altar_simple, solitary_fountain,
          minmay_parallelograms
D:2:      layout_basic, uniq_robin
D:3:      layout_basic, uniq_natasha
D:4:      layout_gridville, mainiacjoe_overflow_boulevard,
          minmay_temple_entry_water_ring, hex_tiny, uniq_pikel

Skill      XL: |  1  2  3 |
---------------+----------+-----
Fighting       | 4 |  4.5
Unarmed Combat | 4 |  4.0
Dodging        | |  4.8

Action                   |  1- 3 |  4- 6 || total
-------------------------+-------+-------++-------
Melee: Unarmed           |   113 |    18 ||   131
       Bite              |     9 |     4 ||    13
       Punch             |     3 |       ||     3
Invok: Berserk           |     7 |       ||     7
       Trog's Hand       |       |     1 ||     1
 Stab: Sleeping          |     2 |       ||     2
Armor: Skin              |     4 |     5 ||     9
Dodge: Dodged            |   105 |    48 ||   153
